 Dungeon Crawl Stone Soup version 0.21-a0-401-g0b6bec4 (webtiles) character file.

45 Hasart the Skirmisher (level 3, -2/40 HPs)
             Began as an Ogre Monk on Oct 22, 2017.
             Slain by Natasha (9 damage)
             ... on level 2 of the Dungeon.
             The game lasted 00:01:27 (967 turns).

Hasart the Skirmisher (Ogre Monk)                    Turns: 967, Time: 00:01:27

Health: -2/40      AC:  3    Str: 16    XL:     3   Next: 64%
Magic:  3/3        EV: 10    Int: 11    God:
Gold:   58         SH:  0    Dex: 11    Spells: 2/2 levels left

rFire    . . .     SeeInvis .   e - +2 hand axe (chop)
rCold    . . .     Gourm    .   (no shield)
rNeg     . . .     Faith    .   b - +0 robe
rPois    .         Spirit   .   (helmet restricted)
rElec    .         Reflect  .   (no cloak)
rCorr    .         Harm     .   (gloves unavailable)
MR       .....                  (boots unavailable)
Stlth    ++........             (no amulet)
HPRegen  0.13/turn              (no ring)
MPRegen  0.08/turn              (no ring)

@: no status effects
A: unfitting armour, tough skin 1
a: no special abilities


You were on level 2 of the Dungeon.
You were not hungry.

You visited 1 branch of the dungeon, and saw 2 of its levels.

You collected 58 gold pieces.

Inventory:

Hand Weapons
 a - a +0 mace
 e - a +2 hand axe of chopping (weapon)
Armour
 b - a +0 robe (worn)
Scrolls
 f - 2 scrolls of remove curse {unknown}
 j - a scroll of amnesia {unknown}
 l - a scroll of enchant armour {unknown}
Potions
 d - a potion of invisibility {unknown}
 h - a potion of curing {unknown}
 k - a potion of heal wounds {unknown}
Comestibles
 c - a bread ration
 g - a chunk of flesh
 i - a meat ration


   Skills:
 + Level 4.7 Fighting
 * Level 3.7 Maces & Flails
 - Level 2.6 Dodging
 - Level 1.4 Stealth


You had 2 spell levels left.
You didn't know any spells.

Dungeon Overview and Level Annotations

Branches:
Dungeon (2/15)

Altars:

Annotations:
D:2 Natasha


Innate Abilities, Weirdness & Mutations

You are too large for most types of armour.
You have tough skin. (AC +1)


Message History

Unknown command.
You barely miss Natasha.
Natasha is moderately wounded.
You hit the worm. The worm bites you. Natasha barely misses you.
Unknown command.
You barely miss Natasha.
Natasha is moderately wounded.
You hit the worm. Natasha claws you. The worm bites you.
Unknown command.
You hit Natasha but do no damage.
Natasha is moderately wounded.
You hit the worm.
You kill the worm!
Natasha claws you!
* * * LOW HITPOINT WARNING * * *
Unknown command.
You barely miss Natasha.
Natasha is moderately wounded.
Natasha claws you!
You die...

... ...# ♣
♣♣♣♣♣...# #.
.#.$...# ...#
..$...
.....#..#.# #
......†.#.##..##
......h@........
......##.####.. .
......##.####....
....#............
... ####.####...!
.. #..# . . ##.#
#.# #.###.#
#..##.#


You could see Natasha.

Vanquished Creatures
  An adder (D:2)
  A worm (D:2)
  A dart slug (D:1)
  A giant cockroach (D:1)
  7 goblins
  4 hobgoblins (D:1)
  4 kobolds
  4 bats (D:1)
  4 frilled lizards
  4 rats (D:1)
31 creatures vanquished.

Notes
Turn   | Place    | Note
-------+----------+-------------------------------------------
     0 | D:1      | Hasart the Ogre Monk began the quest for the Orb.
     0 | D:1      | Reached XP level 1. HP: 24/24 MP: 1/1
   166 | D:1      | Reached XP level 2. HP: 24/32 MP: 2/2
   579 | D:1      | Reached XP level 3. HP: 36/40 MP: 3/3
   957 | D:2      | Noticed Natasha
   967 | D:2      | Slain by Natasha

Vault maps used:
D:1:      elethiomel_arrival_shortcut, st_stairs_5
D:2:      lemuel_round_altar, lemuel_coloured_pillars_altar, serial_forest,
          infiniplex_forest_end_2, infiniplex_forest_lined_ring,
          infiniplex_forest_lined_3, infiniplex_forest_straight_3,
          infiniplex_forest_clump_tiny, uniq_natasha

Skill      XL: |  1 |
---------------+----+-----
Maces & Flails | 3 |  3.7
Fighting       | |  4.7
Dodging        | |  2.6
Stealth        | |  1.4

Action                   || total
-------------------------++-------
Melee: Hand axe          ||    73
       Mace              ||     8
Armor: Robe              ||    31
Dodge: Dodged            ||    47

Table legend:
 A = Spawn XP
 B = Non-spawn XP
 C = Spawn XP percentage of total XP
 D = Spawn monster count
 E = Non-spawn monster count
 F = Spawn count percentage of total count
 G = Total turns spent on level
                    A         B        C        D         E        F      G
               +---------+---------+-------+---------+---------+-------+---------
         Total |       0 |      65 |   0.0 |       0 |      31 |   0.0 |   967
               +---------+---------+-------+---------+---------+-------+---------
           D:1 |       0 |      39 |   0.0 |       0 |      23 |   0.0 |   698
           D:2 |       0 |      26 |   0.0 |       0 |       8 |   0.0 |   269
               +---------+---------+-------+---------+---------+-------+---------
